 Dungeon Crawl Stone Soup version 0.28.0-45-g0d030f2227 (webtiles) character file.

Game seed: 426956008977239428

8112 Woods the Martial Artist (level 11, 0/83 HPs)
             Began as a Gnoll Transmuter on Apr 8, 2022.
             Slain by a yak (13 damage)
             ... on level 9 of the Dungeon.
             The game lasted 00:19:42 (10927 turns).

Woods the Martial Artist (Gnoll Transmuter)        Turns: 10927, Time: 00:19:45

Health: 0/83       AC:  2    Str: 10    XL:     11   Next: 25%
Magic:  17/23      EV: 25    Int: 16    God:
Gold:   622        SH:  0    Dex: 18    Spells: 7/26 levels left

rFire   . . .      SeeInvis .     - Unarmed
rCold   . . .      Faith    .   (shield currently unavailable)
rNeg    . . .      Spirit   .   (armour currently unavailable)
rPois   x          Reflect  .   (helmet currently unavailable)
rElec   .          Harm     .   (cloak currently unavailable)
rCorr   .          Rampage  .   (gloves currently unavailable)
Will    .....                   (boots currently unavailable)
Stlth   +++.......              b - amulet of regeneration
HPRegen 1.03/turn               (no ring)
MPRegen 0.18/turn               (no ring)

@: spider-form, very slightly contaminated, slowed, studying Polearms, very slow
A: venomous fangs, tiny, (fangs 1), strong nose, distributed training
a: End Transformation


You were on level 9 of the Dungeon.
You were a venomous arachnid creature.
You visited 2 branches of the dungeon, and saw 10 of its levels.

You collected 622 gold pieces.

Inventory:

Missiles
 l - 4 throwing nets
Armour
 f - a +2 robe of willpower
 q - a +0 pair of boots (melded)
 z - +0 steam dragon scales (melded)
 B - a +1 cloak of willpower (melded)
Jewellery
 b - an amulet of regeneration (around neck)
 u - a ring of fire
Wands
 w - a wand of iceblast (18)
 C - a wand of digging (9)
 E - a wand of flame (1)
 G - a wand of polymorph (8)
Scrolls
 a - a scroll of summoning {unknown}
 c - 3 scrolls of fear
 d - a scroll of enchant weapon {unknown}
 e - a scroll of brand weapon {unknown}
 g - 2 scrolls of immolation {unknown}
 i - 2 scrolls of fog {unknown}
 n - 2 scrolls of amnesia {unknown}
 o - 4 scrolls of teleportation
 p - 4 scrolls of enchant armour
 r - a scroll of holy word {unknown}
 t - a scroll of torment {unknown}
 y - 2 scrolls of noise {unknown}
 A - 4 scrolls of identify
 D - a scroll of vulnerability {unknown}
 F - a scroll of silence {unknown}
 H - a scroll of blinking {unknown}
Potions
 h - 6 potions of brilliance
 j - a potion of ambrosia {unknown}
 k - a potion of degeneration {unknown}
 m - a potion of berserk rage {unknown}
 s - a potion of heal wounds
 v - 3 potions of curing {unknown}
 x - 2 potions of flight {unknown}


   Skills:
 + Level 6.7 Fighting
 + Level 6.1 Short Blades
 + Level 6.1 Long Blades
 + Level 6.1 Axes
 + Level 6.1 Maces & Flails
 + Level 7.2 Polearms
 + Level 6.1 Staves
 + Level 6.1 Slings
 + Level 6.1 Bows
 + Level 6.1 Crossbows
 + Level 6.1 Throwing
 + Level 6.1 Armour
 + Level 7.7 Dodging
 + Level 6.1 Stealth
 + Level 6.1 Shields
 + Level 9.1 Unarmed Combat
 + Level 8.0 Spellcasting
 + Level 5.0 Conjurations
 + Level 5.0 Hexes
 + Level 5.0 Summonings
 + Level 5.0 Necromancy
 + Level 5.0 Translocations
 + Level 6.4 Transmutations
 + Level 5.0 Fire Magic
 + Level 5.0 Ice Magic
 + Level 5.0 Air Magic
 + Level 5.0 Earth Magic
 + Level 5.0 Poison Magic
 + Level 6.7 Invocations
 + Level 6.1 Evocations


You had 7 spell levels left.
You knew the following spells:

 Your Spells              Type           Power      Damage    Failure   Level
a - Beastly Appendage     Tmut           54%        N/A       4%          1
b - Wereblood             Tmut           27%        N/A       6%          2
c - Spider Form           Tmut/Pois      24%        N/A       11%         3
d - Ice Form              Ice/Tmut       24%        N/A       26%         4
e - Summon Guardian Gole  Hex/Summ       22%        N/A       13%         3
f - Flame Wave            Conj/Fire      22%        2d7       32%         4
g - Blink                 Tloc           44%        N/A       8%          2

Your spell library contained the following spells:

 Spells                   Type           Power      Damage    Failure   Level
 Scorch                   Fire           44%        2d7       8%          2
 Dazzling Flash           Conj/Hex       44%        N/A       13%         3
 Lesser Beckoning         Tloc           22%        N/A       13%         3
 Agony                    Necr           22%        N/A       58%         5
 Manifold Assault         Tloc           22%        N/A       58%         5
 Silence                  Hex/Air        11%        N/A       58%         5
 Summon Cactus Giant      Summ           11%        N/A       98%         6
 Orb of Destruction       Conj           11%        9d6       100%        7
 Spellforged Servitor     Conj/Summ      11%        N/A       100%        7


Dungeon Overview and Level Annotations

Branches:
Dungeon (9/15)             Temple (1/1) D:4
   Lair: D:8-11         Orc: D:9-12

Altars:
Ashenzari
Dithmenos
Fedhas
Gozag
Hepliaklqana
Kikubaaqudgha
Makhleb
Nemelex Xobeh
Okawaru
Qazlal
Ru
Sif Muna
Trog
Vehumet
Wu Jian
Xom
Yredelemnul
Zin
The Shining One
Lugonu

Annotations:
D:7 Harold
D:9 2 transporters, hehateme's ghost, novice GrEE


Innate Abilities, Weirdness & Mutations

You are a venomous arachnid creature.
You have poisonous fangs.
You are tiny and dextrous.
Your spellcasting is less reliable in this form.
Your armour is entirely melded.
You are incapable of wielding weapons or throwing items.
((You have very sharp teeth.))
Your uncanny sense of smell can sniff out nearby items.
Your experience applies equally to all skills.


Message History

The two-headed ogre looks as sick as possible!
The two-headed ogre is moderately wounded.
The two-headed ogre closely misses you. The two-headed ogre barely misses you.
You bite the two-headed ogre!
The two-headed ogre looks as sick as possible!
The two-headed ogre is heavily wounded.
The two-headed ogre hits you with a +0 dire flail!!
* * * LOW HITPOINT WARNING * * *
The two-headed ogre barely misses you.
You bite the two-headed ogre!
The two-headed ogre looks as sick as possible!
The two-headed ogre is almost dead.
The two-headed ogre hits you with a +0 dire flail!
* * * LOW HITPOINT WARNING * * *
The two-headed ogre completely misses you.
Unknown command.
Your transformation has ended.
Your +1 cloak of willpower unmelds from your body.
Your +0 pair of boots unmelds from your body.
Your +0 steam dragon scales unmelds from your body.
You feel strong-willed.
You kill the two-headed ogre!
Your Spellcasting skill increases to level 8!
The yak gores you.
* * * LOW HITPOINT WARNING * * *
Casting: Wereblood (safe; 1% risk of failure)
Confirm with . or Enter, or press ? or * to list all spells.
You miscast Spider Form.
You are very lightly contaminated with residual magic.
Nothing appears to happen.
The yak gores you.
* * * LOW HITPOINT WARNING * * *
Unknown command.
Casting: Spider Form (mildly dangerous; 3% risk of failure)
Confirm with . or Enter, or press ? or * to list all spells.
You turn into a venomous arachnid creature.
Your +1 cloak of willpower melds into your body.
Your +0 pair of boots melds into your body.
Your +0 steam dragon scales melds into your body.
You feel less strong-willed. The yak completely misses you. The yak gores you!
You die...

........'.####.........
#####...### #.........
##..# #.........
§§§##.# #.........
§§§§### ##'#######
..§≈§# #.## ....≈≈#
#..# §§§.§§§## ##.#
..≈.§.§≈## #s#
.§§≈..[§≈#####Y######
>...≈.≈.Y'.#........#
...≈)O.≈≈#.#...>....#
..≈.§.≈§##.)........#
.≈...≈≈#####.)......#
....≈≈# #).......#
...≈≈# #........# ..≈≈#
#........#


You could see a yak.

Vanquished Creatures
  A boulder beetle (D:7)
  2 two-headed ogres (D:9)
  A cyclops (D:7)
  Maggie (D:7)
  An unseen horror (D:7)
  A hornet (D:9)
  A troll (D:7)
  A wyvern (D:8)
  A wraith (D:9)
  2 steam dragons
  3 water moccasins
  Duvessa (D:6)
  An ice beast (D:7)
  3 black bears
  5 orc warriors
  3 sky beasts
  2 necrophages (D:5)
  3 centaurs (D:9)
  2 kobold brigands (D:7)
  A bullfrog (D:7)
  A wyvern zombie (D:8)
  A gnoll sergeant (D:5)
  3 scorpions
  A water moccasin zombie (D:5)
  Dowan (D:6)
  6 killer bees (D:8)
  4 wights (D:7)
  3 howler monkeys
  A crimson imp (D:8)
  5 jellies
  6 centaur zombies
  7 hounds
  Crazy Yiuf (D:7)
  A gnoll shaman (D:9)
  6 orc priests
  A centaur skeleton (D:7)
  A bullfrog skeleton (D:6)
  3 iguanas
  Natasha (D:2)
  3 orc wizards
  3 killer bee zombies (D:8)
  2 hound skeletons
  2 howler monkey zombies
  9 gnolls
  5 adders
  A shadow imp (D:8)
  3 white imps
  An ufetubus (D:5)
  An adder skeleton (D:4)
  2 worms (D:2)
  4 dart slugs
  22 orcs
  7 ball pythons
  9 endoplasms
  6 giant cockroaches
  10 hobgoblins
  9 jackals
  4 quokkas
  7 bats
  4 goblins
  8 kobolds
  6 rats
217 creatures vanquished.

Vanquished Creatures (others)
  A fungus (D:1)
  2 plants (D:1)
3 creatures vanquished.

Grand Total: 220 creatures vanquished

Notes
Turn   | Place    | Note
-------+----------+-------------------------------------------
     0 | D:1      | Woods the Gnoll Transmuter began the quest for the Orb.
     0 | D:1      | Reached XP level 1. HP: 17/17 MP: 6/6
    43 | D:1      | Reached XP level 2. HP: 20/23 MP: 5/7
    53 | D:1      | Learned a level 2 spell: Wereblood
   231 | D:1      | Reached XP level 3. HP: 28/28 MP: 7/9
   255 | D:1      | Reached skill level 5 in Spellcasting
   259 | D:1      | Found a faded altar of an unknown god.
   312 | D:1      | Learned a level 3 spell: Spider Form
   407 | D:1      | Reached skill level 1 in Invocations
   920 | D:2      | Reached skill level 1 in Short Blades
   920 | D:2      | Reached skill level 1 in Long Blades
   920 | D:2      | Reached skill level 1 in Axes
   920 | D:2      | Reached skill level 1 in Maces & Flails
   920 | D:2      | Reached skill level 1 in Polearms
   920 | D:2      | Reached skill level 1 in Staves
   920 | D:2      | Reached skill level 1 in Slings
   920 | D:2      | Reached skill level 1 in Bows
   920 | D:2      | Reached skill level 1 in Crossbows
   920 | D:2      | Reached skill level 1 in Throwing
   920 | D:2      | Reached skill level 1 in Armour
   920 | D:2      | Reached skill level 1 in Stealth
   920 | D:2      | Reached skill level 1 in Shields
   920 | D:2      | Reached skill level 1 in Evocations
   928 | D:2      | Reached XP level 4. HP: 27/34 MP: 11/11
  1138 | D:2      | Reached skill level 1 in Conjurations
  1138 | D:2      | Reached skill level 1 in Hexes
  1138 | D:2      | Reached skill level 1 in Summonings
  1138 | D:2      | Reached skill level 1 in Necromancy
  1138 | D:2      | Reached skill level 1 in Translocations
  1138 | D:2      | Reached skill level 1 in Fire Magic
  1138 | D:2      | Reached skill level 1 in Ice Magic
  1138 | D:2      | Reached skill level 1 in Air Magic
  1138 | D:2      | Reached skill level 1 in Earth Magic
  1138 | D:2      | Reached skill level 1 in Poison Magic
  1497 | D:2      | Noticed Natasha
  1501 | D:2      | Killed Natasha
  1502 | D:2      | Reached XP level 5. HP: 40/40 MP: 10/12
  2444 | D:3      | Found a sacrificial altar of Ru.
  2477 | D:3      | Found a shimmering blue altar of Sif Muna.
  2741 | D:3      | Found a stormy altar of Qazlal.
  2914 | D:4      | Reached XP level 6. HP: 39/47 MP: 13/13
  3194 | D:4      | Found a staircase to the Ecumenical Temple.
  3232 | Temple   | Entered the Ecumenical Temple
  3451 | D:4      | Reached skill level 5 in Dodging
  3634 | D:4      | Found an opulent altar of Gozag.
  3682 | D:4      | Found an iron altar of Okawaru.
  3758 | D:5      | Entered Level 5 of the Dungeon
  3822 | D:5      | Reached XP level 7. HP: 50/52 MP: 13/15
  3890 | D:5      | Found an ornate altar of the Wu Jian Council.
  3913 | D:5      | Found an ancient bone altar of Kikubaaqudgha.
  4100 | D:5      | Reached skill level 7 in Unarmed Combat
  4985 | D:5      | Reached XP level 8. HP: 47/60 MP: 14/16
  5138 | D:6      | Found a shimmering altar of Xom.
  5436 | D:6      | Noticed Duvessa
  5436 | D:6      | Noticed Dowan
  5445 | D:6      | Killed Dowan
  5446 | D:6      | Killed Duvessa
  6016 | D:7      | Noticed Maggie
  6281 | D:7      | Identified the +2 flail of the Hungering Firefly {flame,
                  | rF- rC+ rCorr Stlth+}
  6331 | D:7      | Found a blossoming altar of Fedhas.
  6339 | D:7      | Noticed a cyclops
  6361 | D:7      | Reached skill level 5 in Transmutations
  6361 | D:7      | Reached XP level 9. HP: 66/66 MP: 12/18
  6469 | D:7      | Noticed a troll
  6692 | D:7      | Killed a troll
  6842 | D:7      | Killed Maggie
  6843 | D:7      | Reached skill level 5 in Fighting
  6965 | D:7      | Reached skill level 8 in Unarmed Combat
  7280 | D:7      | Identified the +9 mace of Cylaifuj {freeze, +Blink Str+4
                  | Int+2}
  7280 | D:7      | Noticed Harold
  7340 | D:7      | Noticed a boulder beetle
  7396 | D:7      | Killed an unseen horror
  7397 | D:7      | Reached skill level 5 in Invocations
  7518 | D:7      | Learned a level 4 spell: Ice Form
  7522 | D:7      | Learned a level 3 spell: Summon Guardian Golem
  7566 | D:7      | Learned a level 4 spell: Flame Wave
  7644 | D:7      | Reached XP level 10. HP: 60/74 MP: 9/20
  7886 | D:7      | Learned a level 2 spell: Blink
  7946 | D:7      | Found a runed translucent door.
  7947 | D:7      | Noticed Crazy Yiuf
  8006 | D:7      | Killed a boulder beetle
  8007 | D:7      | Reached skill level 5 in Short Blades
  8007 | D:7      | Reached skill level 5 in Long Blades
  8007 | D:7      | Reached skill level 5 in Axes
  8007 | D:7      | Reached skill level 5 in Maces & Flails
  8007 | D:7      | Reached skill level 5 in Polearms
  8007 | D:7      | Reached skill level 5 in Staves
  8007 | D:7      | Reached skill level 5 in Slings
  8007 | D:7      | Reached skill level 5 in Bows
  8007 | D:7      | Reached skill level 5 in Crossbows
  8007 | D:7      | Reached skill level 5 in Throwing
  8007 | D:7      | Reached skill level 5 in Armour
  8007 | D:7      | Reached skill level 5 in Stealth
  8007 | D:7      | Reached skill level 5 in Shields
  8007 | D:7      | Reached skill level 5 in Evocations
  8485 | D:7      | Killed Crazy Yiuf
  8659 | D:7      | Killed a cyclops
  8820 | D:8      | Found a burning altar of Makhleb.
  8820 | D:8      | Found a radiant altar of Vehumet.
  9075 | D:8      | Found a basalt altar of Yredelemnul.
 10387 | D:9      | Noticed a manticore
 10389 | D:9      | Found a transporter.
 10389 | D:9      | Noticed hehateme's ghost (novice GrEE)
 10391 | D:9      | Noticed a centaur warrior
 10393 | D:9      | Found a transporter.
 10430 | D:9      | Found a bloodstained altar of Trog.
 10477 | D:9      | Noticed a two-headed ogre
 10540 | D:9      | Killed a two-headed ogre
 10541 | D:9      | Reached XP level 11. HP: 68/83 MP: 19/22
 10712 | D:9      | Reached skill level 9 in Unarmed Combat
 10825 | D:9      | Noticed a +0 dagger
 10825 | D:9      | Noticed a +0 falchion
 10825 | D:9      | Noticed a +0 short sword
 10825 | D:9      | Noticed a +0 spear
 10825 | D:9      | Noticed a +0 falchion
 10826 | D:9      | Noticed a +0 dagger
 10829 | D:9      | Noticed a +0 short sword
 10829 | D:9      | Noticed a +0 spear
 10889 | D:9      | Noticed a two-headed ogre
 10890 | D:9      | Noticed a two-headed ogre
 10898 | D:9      | Reached skill level 5 in Conjurations
 10898 | D:9      | Reached skill level 5 in Hexes
 10898 | D:9      | Reached skill level 5 in Summonings
 10898 | D:9      | Reached skill level 5 in Necromancy
 10898 | D:9      | Reached skill level 5 in Translocations
 10898 | D:9      | Reached skill level 5 in Fire Magic
 10898 | D:9      | Reached skill level 5 in Ice Magic
 10898 | D:9      | Reached skill level 5 in Air Magic
 10898 | D:9      | Reached skill level 5 in Earth Magic
 10898 | D:9      | Reached skill level 5 in Poison Magic
 10923 | D:9      | Killed a two-headed ogre
 10927 | D:9      | Slain by a yak

Illustrated notes

Levels and vault maps discovered:
D:1:      tarquinn_simple_flora_water_f, layout_rooms,
          dreamdust_ecumenical_altar_grove, st_stairs_11, grunt_decor_resistance
D:2:      layout_loops_corners, uniq_natasha
D:3:      layout_loops_cross, nicolae_qazlal_eye_of_the_storm,
          amcnicky_altar_gilded, nicolae_sif_muna_condensation,
          chequers_serial_rivers_large_a
D:4:      layout_cave_pools, okawaru_altar_gauntlet_db, general_overflow_altar,
          temple_pool_b
D:5:      layout_basic, mainiacjoe_overflow_small_starburst,
          mainiacjoe_overflow_catwalk, serial_park_tiny_1, minivault_4
D:6:      layout_loops_ring, dk_xom_monty_hall, minivault_11,
          corexii_hall_statues_t, uniq_duvessa
D:7:      cheibrodos_fzero, layout_gridville, fedhas_altar_2,
          grunt_decor_fettered, uniq_crazy_yiuf_cottage, uniq_maggie,
          uniq_harold
D:8:      wad_river_or_something, layout_basic,
          grunt_temple_overflow_lords_of_destruction,
          nicolae_yredelemnul_corpse_copse, hangedman_decor_slide_cut
D:9:      layout_roguey, nicolae_uskayaw_en_pointe, trog_three_pillars_becter,
          orc_0_dummy, gammafunk_ghost_arena, kennysheep_diamond
Temple:   corrupted_temple

Skill      XL: |  1  2  3  4  5  6  7  8  9 10 11 |
---------------+----------------------------------+-----
Spellcasting   | 5 6 7 8 |  8.0
Invocations    | 1 2 3 4 5 6 |  6.7
Short Blades   | 1 2 3 4 5 6 |  6.1
Long Blades    | 1 2 3 4 5 6 |  6.1
Axes           | 1 2 3 4 5 6 |  6.1
Maces & Flails | 1 2 3 4 5 6 |  6.1
Polearms       | 1 2 3 4 6 7 |  7.2
Staves         | 1 2 3 4 5 6 |  6.1
Slings         | 1 2 3 4 5 6 |  6.1
Bows           | 1 2 3 4 5 6 |  6.1
Crossbows      | 1 2 3 4 5 6 |  6.1
Throwing       | 1 2 3 4 5 6 |  6.1
Armour         | 1 2 3 4 5 6 |  6.1
Stealth        | 1 2 3 4 5 6 |  6.1
Shields        | 1 2 3 4 5 6 |  6.1
Evocations     | 1 2 3 4 5 6 |  6.1
Conjurations   | 1 2 3 4 5 |  5.0
Hexes          | 1 2 3 4 5 |  5.0
Summonings     | 1 2 3 4 5 |  5.0
Necromancy     | 1 2 3 4 5 |  5.0
Translocations | 1 2 3 4 5 |  5.0
Fire Magic     | 1 2 3 4 5 |  5.0
Ice Magic      | 1 2 3 4 5 |  5.0
Air Magic      | 1 2 3 4 5 |  5.0
Earth Magic    | 1 2 3 4 5 |  5.0
Poison Magic   | 1 2 3 4 5 |  5.0
Fighting       | 3 4 5 6 |  6.7
Transmutations | 4 5 6 |  6.4
Dodging        | 5 6 7 |  7.7
Unarmed Combat | 7 8 9 |  9.1

Action                   |  1- 3 |  4- 6 |  7- 9 | 10-12 || total
-------------------------+-------+-------+-------+-------++-------
Melee: Unarmed           |   106 |   164 |   262 |   288 ||   820
       Kick              |    14 |    26 |    16 |     9 ||    65
       Bite              |     8 |    16 |     9 |     6 ||    39
       Punch             |     5 |     8 |     6 |     5 ||    24
       Headbutt          |     6 |    11 |    11 |     6 ||    34
 Cast: Beastly Appendage |    15 |    22 |    13 |     4 ||    54
       Wereblood         |     1 |     3 |     3 |     2 ||     9
       Spider Form       |       |       |    22 |    26 ||    48
       Summon Guardian G |       |       |     3 |     1 ||     4
       Ice Form          |       |       |       |     3 ||     3
       Blink             |       |       |       |     1 ||     1
 Abil: End Transformatio |       |       |     4 |     5 ||     9
  Use: Scroll            |       |       |     5 |     1 ||     6
       Potion            |       |       |     1 |       ||     1
 Stab: Sleeping          |     1 |     2 |     2 |     6 ||    11
Armor: Robe              |    12 |    34 |    20 |       ||    66
       Steam dragon scal |       |       |     5 |    42 ||    47
       Skin              |       |       |       |    18 ||    18
Dodge: Dodged            |    63 |    96 |   226 |   288 ||   673
